 Dungeon Crawl Stone Soup version 0.17-a0-1115-g0372368 (console) character file.

1367 Monkaria the Skirmisher (level 8, -1/73 HPs)
             Began as a Demonspawn Chaos Knight on May 23, 2015.
             Slain by an ice beast (13 damage)
             ... on level 5 of the Dungeon.
             The game lasted 00:10:16 (4924 turns).

Monkaria the Skirmisher (Demonspawn Chaos Knight)   Turns: 4924, Time: 00:10:17

Health: -1/73      AC:  8    Str: 14    XL:     8   Next: 38%
Magic:  8/8        EV: 11    Int: 14    God:    Xom [...*..]
Gold:   192        SH:  0    Dex: 13    Spells: 0 memorised, 7 levels left

rFire  . . .     SeeInvis .     a - +1 falchion (chaos)
rCold  . . .     Clarity  .     b - +2 leather armour
rNeg   . . .     SustAt   .     (no shield)
rPois  .         Gourm    .     (helmet restricted)
rElec  +         Spirit   .     (no cloak)
rCorr  .         Warding  .     (no gloves)
rMut   .         Stasis   .     (no boots)
MR     .....                    (no amulet)
Stlth  +.........               (no ring)
                                (no ring)

@: confused, not resistant to hostile enchantments, very unstealthy
A: antennae 1, large bone plates 2, robust 1, electricity resistance, rot
immunity
a: Renounce Religion


You were on level 5 of the Dungeon.
You worshipped Xom.
You were a favourite toy of Xom.
You were not hungry.

You visited 1 branch of the dungeon, and saw 5 of its levels.
You also visited: Sewer.

You collected 192 gold pieces.

Inventory:

Hand weapons
 a - a +1 falchion of chaos (weapon)
 e - a cursed +0 dagger
 j - a +0 bardiche of venom
 y - a -3 long sword
Armour
 b - a +2 leather armour (worn)
 i - a +0 helmet
Jewellery
 r - an uncursed ring of fire
Scrolls
 g - 4 scrolls of remove curse
 n - a scroll of immolation {unknown}
 p - a scroll of fear {unknown}
 q - a scroll of random uselessness {unknown}
 u - a scroll of fog
 x - a scroll of teleportation
Potions
 f - a potion of heal wounds
 h - 3 potions of flight
 k - a potion of berserk rage {unknown}
 l - 2 potions of curing {unknown}
 t - 2 potions of lignification {unknown}
 v - a potion of agility {unknown}
 w - a potion of invisibility {unknown}
Books
 o - a Grand Grimoire {highlevel, unknown}

   This book is beyond your current level of understanding.

   Spells                             Type                      Level
   a - Monstrous Menagerie            Summoning                    6
   b - Summon Greater Demon           Summoning                    7
   c - Malign Gateway                 Summoning/Translocation      7
   d - Summon Horrible Things         Summoning                    8
Comestibles
 c - 4 bread rations
 d - 5 meat rations
 s - a chunk of flesh


   Skills:
 - Level 7.3 Fighting
 - Level 7.0 Long Blades
 + Level 3.5 Armour
 - Level 0.8 Dodging


You had 7 spell levels left.
You didn't know any spells.

Dungeon Overview and Level Annotations

Branches:
Dungeon (5/15)
 Temple: D:4-7

Altars:
Nemelex Xobeh
Trog
Yredelemnul


Innate Abilities, Weirdness & Mutations

You have a pair of small antennae on your head.
You are mostly covered in large bone plates (AC +3, SH +3).
You are immune to rotting.
You are robust (+10% HP).
You are resistant to electric shocks.


Message History

The ice beast hits you but does no damage.
The orc hits you but does no damage.
Some of the chunks of flesh in your inventory have rotted away.
You miss the ice beast.
The ice beast is almost dead.
The ice beast hits you but does no damage.
The orc closely misses you.
You hit the ice beast but do no damage.
The ice beast goes berserk!
The ice beast is almost dead.
The ice beast hits you. The ice beast freezes you!
* * * LOW HITPOINT WARNING * * *
The orc hits you from afar with a trident.
* * * LOW HITPOINT WARNING * * *
You hit the ice beast.
The ice beast flickers and vanishes!
Deactivating autopickup; reactivate with Ctrl-A.
Something hits you.
* * * LOW HITPOINT WARNING * * *
Something freezes you!
You die... "Boring in life, boring in death..."

... # ##.##############
#...............#
#..#.##########.###+#
#...#.#########.##..####
.#..###..................
.....#.....#####.#รท#####.
#..#.....>.### #.#.# #..
##....#.##@# #.#.# #..#
#.. #. #{# ....# #...
.......)o# #...# #.##
.#.##.##.# ....# #. #. #.#
..... .. .. ... .#(#.##. #
## ###


You could see an orc.

Vanquished Creatures
  Grinder (Sewer)
  The ghost of Mulkerokala the Covered, an average GrFi (D:5)
  Sigmund (D:4)
  A yak (Sewer)
  An ogre (D:4)
  A big kobold (Sewer)
  A crimson imp (D:5)
  A hound (D:5)
  An orc priest (D:5)
  A quasit (Sewer)
  An orc wizard (D:5)
  A worker ant (D:4)
  A big kobold zombie (Sewer)
  9 adders
  6 gnolls
  4 shadow imps (Sewer)
  2 ufetubi (Sewer)
  2 oozes
  An adder skeleton (D:4)
  An adder zombie (Sewer)
  3 worms
  2 giant geckos
  13 orcs
  3 ball pythons
  13 bats
  A bat zombie (D:5)
  8 giant cockroaches
  14 goblins
  14 hobgoblins
  A quokka (D:4)
  A giant gecko skeleton (D:5)
  5 giant newts
  28 kobolds
  8 rats
152 creatures vanquished.

Vanquished Creatures (collateral kills)
  A quokka (D:2)
1 creature vanquished.

Vanquished Creatures (others)
  A giant cockroach zombie (Sewer)
1 creature vanquished.

Grand Total: 154 creatures vanquished

Notes
Turn   | Place    | Note
--------------------------------------------------------------
     0 | D:1      | Monkaria the Demonspawn Chaos Knight began the quest for the Orb.
     0 | D:1      | Reached XP level 1. HP: 18/18 MP: 1/1
    40 | D:1      | XOM: divination: detect creatures
   110 | D:1      | XOM: butterfly on damage
   407 | D:1      | Gained mutation: You are immune to rotting. [demonic ancestry]
   407 | D:1      | Reached XP level 2. HP: 24/24 MP: 2/2
   414 | D:1      | XOM: divination: detect creatures
   485 | D:1      | XOM: colour smoke trail
   539 | D:1      | Reached skill level 4 in Fighting
   646 | D:1      | XOM: cast spell 'Blink'
   821 | D:1      | Gained mutation: You are partially covered in large bone plates (AC +2, SH +2). [demonic ancestry]
   821 | D:1      | Reached XP level 3. HP: 27/30 MP: 3/3
  1037 | D:2      | HP: 1/30 [poisoned by an adder]
  1215 | D:2      | XOM: silly message
  1393 | D:2      | Found a basalt altar of Yredelemnul.
  1409 | D:2      | Gained mutation: You are mostly covered in large bone plates (AC +3, SH +3). [demonic ancestry]
  1409 | D:2      | Reached XP level 4. HP: 32/37 MP: 4/4
  1438 | D:2      | XOM: divination: detect items
  1500 | D:2      | XOM: potion effect (invisibility)
  1573 | D:2      | XOM: silly message
  1662 | D:2      | XOM: silly message
  1771 | D:3      | Gained mutation: You have a pair of small horns on your head. [potion of mutation]
  1771 | D:3      | Gained mutation: You are resistant to electric shocks. [potion of mutation]
  1771 | D:3      | Gained mutation: You are robust (+10% HP). [potion of mutation]
  1855 | D:3      | Found a glowing drain.
  1882 | Sewer    | Entered a sewer
  1900 | Sewer    | Reached XP level 5. HP: 46/46 MP: 5/5
  1948 | Sewer    | XOM: divination: detect creatures
  1955 | Sewer    | XOM: potion effect (invisibility)
  2067 | Sewer    | Found a burning altar of Makhleb.
  2083 | Sewer    | XOM: potion effect (brilliance)
  2116 | Sewer    | Noticed Grinder
  2179 | Sewer    | Paralysed by Grinder for 5 turns
  2186 | Sewer    | Killed Grinder
  2186 | Sewer    | Reached skill level 5 in Long Blades
  2186 | Sewer    | Lost mutation: You have a pair of small horns on your head. [demonic ancestry]
  2186 | Sewer    | Gained mutation: You have a pair of small antennae on your head. [demonic ancestry]
  2186 | Sewer    | Reached XP level 6. HP: 37/52 MP: 6/6
  2192 | Sewer    | XOM: silly message
  2201 | Sewer    | Noticed a big kobold
  2212 | Sewer    | Killed a big kobold
  2212 | Sewer    | Reached skill level 6 in Long Blades
  2218 | Sewer    | Noticed an apprentice kobold demonologist
  2222 | Sewer    | Reached XP level 7. HP: 36/59 MP: 7/7
  2228 | Sewer    | Noticed a yak
  2228 | Sewer    | an apprentice kobold demonologist changed into a yak
  2235 | Sewer    | Killed a yak
  2751 | D:3      | Found a bloodstained altar of Trog.
  2874 | D:3      | Reached skill level 7 in Long Blades
  3166 | D:3      | XOM: divination: detect creatures
  3413 | D:4      | XOM: smoke on damage
  3639 | D:4      | XOM: divination: magic mapping
  3794 | D:4      | XOM: silly message
  3837 | D:4      | Reached skill level 5 in Fighting
  3884 | D:4      | XOM: potion effect (brilliance)
  3909 | D:4      | Noticed Sigmund
  3923 | D:4      | Killed Sigmund
  3923 | D:4      | Reached XP level 8. HP: 52/71 MP: 8/8
  4000 | D:4      | XOM: divination: detect creatures
  4157 | D:4      | XOM: divination: detect creatures
  4192 | D:4      | XOM: silly message
  4268 | D:4      | XOM: harmless Fire miscast
  4312 | D:5      | Entered Level 5 of the Dungeon
  4334 | D:5      | Noticed Mulkerokala's ghost (average GrFi)
  4348 | D:5      | XOM: cast spell 'Cause Fear'
  4369 | D:5      | XOM: smoke on damage
  4591 | D:5      | XOM: potion effect (agility)
  4614 | D:5      | Killed Mulkerokala's ghost
  4691 | D:5      | XOM: cast spell 'Summon Butterflies'
  4713 | D:5      | Found a sparkling altar of Nemelex Xobeh.
  4746 | D:5      | XOM: cast spell 'Excruciating Wounds'
  4924 | D:5      | Slain by an ice beast

Vault maps used:
D:1:      nagdon_arrival_double_spiral, minmay_misc_feat_encased,
          kennysheep_another_room, hangedman_abyss_or_decor_stabs
D:2:      lemuel_round_altar
D:3:      lemuel_coloured_pillars_altar, first_bread, lightli_sewer_entry_pipes,
          minmay_misc_feat_nine_boxes
D:4:      minmay_box_of_dots, uniq_sigmund
D:5:      minmay_temple_entry_enclosed_plants, basic_altar,
          kennysheep_decorative_pillar
Sewer:    kennysheep_sewer_church

Action                   |  1- 3 |  4- 6 |  7- 9 || total
-------------------------+-------+-------+-------++-------
Melee: Falchion          |   112 |   165 |   318 ||   595
       Bardiche          |       |       |     5 ||     5
  Use: Scroll            |       |     7 |     3 ||    10
       Potion            |       |     2 |     4 ||     6
 Stab: Petrifying        |     2 |       |       ||     2
       Paralysed         |     2 |     1 |     3 ||     6
       Invisible         |       |     6 |       ||     6
       Petrified         |       |     1 |       ||     1
       Confused          |       |       |     3 ||     3
       Sleeping          |       |       |     1 ||     1
  Eat: Chunk             |     2 |     4 |     9 ||    15
